 Dungeon Crawl Stone Soup version 0.30.0-29-ga12c61a403 (webtiles) character file.

Game seed: 12148829411876404215

183 qw the Chopper (level 5, -1/32 HPs)
             Began as a Gargoyle Fighter on June 3, 2023.
             Slain by a gnoll
             ... wielding a +0 halberd
              (4 damage)
             ... on level 4 of the Dungeon.
             The game lasted 00:00:54 (1435 turns).

qw the Chopper (Gargoyle Fighter)                   Turns: 1435, Time: 00:00:54

Health: -1/32      AC: 16    Str: 22    XL:     5   Next: 62%
Magic:  5/5        EV:  6    Int:  8    God:
Gold:   25         SH:  4    Dex:  9    Spells: 4/4 levels left

rFire   . . .        Y - +2 war axe (heavy)
rCold   . . .        c - +0 buckler
rNeg    + . .        e - +0 plate armour
rPois   inf          (no helmet)
rElec   +            (no cloak)
rCorr   .            (no gloves)
SInv    .            n - +0 pair of boots
Will    .....        (no amulet) Stlth
                     (no ring)
HPRegen 0.25/turn    (no ring)
MPRegen 0.09/turn

%: no passive effects
@: weakened
A: sickness immunity, AC +4, negative energy resistance 1, electricity
resistance, torment resistance 1, petrification resistance
a: no special abilities


You were on level 4 of the Dungeon.
You visited 1 branch of the dungeon, and saw 3 of its levels.

You collected 77 gold pieces.
You spent 52 gold pieces at shops.


Innate Abilities, Weirdness & Mutations

You are immune to sickness and miasma.
Your stone body is resilient. (AC +4)
You are immune to poison.
You resist negative energy. (rN+)
You are resistant to electric shocks. (rElec)
You are resistant to unholy torment.
You are immune to petrification.


   Skills:
 + Level 3.4 Fighting
 - Level 5.1 Axes
 - Level 3.2 Armour
 - Level 3.2 Shields


You had 4 spell levels left.
You didn't know any spells.
Your spell library was empty.

Inventory:

Hand Weapons
 h - a +1 mace of protection
 Y - a +2 heavy war axe (weapon)
Armour
 c - a +0 buckler (worn)
 e - a +0 plate armour (worn)
 n - a +0 pair of boots (worn)
Scrolls
 f - 3 scrolls of identify
Potions
 a - a potion of curing {unknown}
 d - 2 potions of might
 g - a potion of haste
 j - 2 potions of berserk rage {unknown}
 k - a potion of invisibility {unknown}
 m - a potion of mutation {unknown}

Dungeon Overview and Level Annotations

Branches:
Dungeon (4/15)
 Temple: D:4-7

Altars:

Shops:
D:1 ?   D:2 *!   D:4 ?

Annotations:
D:4 exclusion: dart slug


Message History

The gnoll hits you but does no damage.
The gnoll bouda barks out a call to the hunt!
The gnolls pick up the pace!
The gnoll hits you but does no damage. The gnoll barely misses you.
You barely miss the gnoll bouda.
The gnoll bouda is almost dead.
You slash the gnoll!
You kill the gnoll!
The gnoll bouda barely misses you. The gnoll barely misses you. x2
The endoplasm hits you.
The gnoll bouda hits you but does no damage.
A gnoll comes into view. It is wielding a +0 whip.
The gnoll hits you from afar with a +0 halberd.
The gnoll hits you from afar with a +0 halberd!
You closely miss the gnoll bouda.
The gnoll bouda is almost dead.
You hit the endoplasm. The gnoll hits you but does no damage.
The gnoll bouda gazes fiercely through you!
You feel your attacks grow feeble.
The gnoll bouda hits you with a +0 whip!
The gnoll hits you but does no damage. You block the gnoll's attack.
The endoplasm hits you but does no damage.
The gnoll bouda gazes fiercely through you!
You feel as though you will be weak longer.
The gnoll bouda hits you with a +0 whip.
The gnoll closely misses you. The endoplasm freezes you.
You are frozen.
The gnoll hits you but does no damage.
The gnoll hits you from afar with a +0 halberd.
A gnoll comes into view. It is wielding a +0 whip.
The gnoll shouts!
You slash the gnoll bouda!
You kill the gnoll bouda!
You slash the endoplasm!
You kill the endoplasm!
The gnoll hits you from afar with a +0 halberd.
The gnoll barely misses you.
The gnoll hits you but does no damage. x3
The gnoll hits you from afar with a +0 halberd.
You die...

# .. ##. ## .#
.. .. >## . . #.
g. ###... #g gg
<..... #
#g#g######
......
#.#g#gg.....
......
#.#)#.......
##.... #...@).#
... ###....# .
###..###
#......#
############.#.#
....[..........#
######...###.###
#...# #.# #...#
#)#


You could see 9 gnolls.

Vanquished Creatures
  A phantom (D:4)
  A gnoll bouda (D:4)
  Terence (D:2)
  A gnoll (D:4)
  3 adders (D:2)
  2 ball pythons (D:1)
  2 bats
  An endoplasm (D:4)
  2 giant cockroaches
  5 goblins
  2 hobgoblins
  5 jackals (D:1)
  8 kobolds
  2 quokkas
  A frilled lizard (D:1)
  9 rats
46 creatures vanquished.

Notes
Turn   | Place    | Note
-------+----------+-------------------------------------------
     0 | D:1      | qw the Gargoyle Fighter began the quest for the Orb.
     0 | D:1      | Reached XP level 1. HP: 14/14 MP: 1/1
     0 | D:1      | 0 ||| qw: Version: 0.2-a-103-g3a7daa1
     0 | D:1      | 0 ||| qw: Game counter: 954
     0 | D:1      | 0 ||| qw: Always use a shield: true
     0 | D:1      | 0 ||| qw: God list: Okawaru
     0 | D:1      | 0 ||| qw: Allow faded altars: false
     0 | D:1      | 0 ||| qw: Do Orc after D:15 true
     0 | D:1      | 0 ||| qw: Do second Lair branch before Depths: true
     0 | D:1      | 0 ||| qw: Lair rune preference: random
     0 | D:1      | 0 ||| qw: Plans: Normal, Zot:1-4, Slime:5, God:TSO, Crypt,
                  | Tomb, Pan, Hells, Abyss, Win
     0 | D:1      | 0 ||| PLANNING D:1-11
    41 | D:1      | Reached skill level 2 in Axes
    91 | D:1      | 91 ||| Stepping ~*~*~tactically~*~*~ (stealth).
    96 | D:1      | Reached XP level 2. HP: 19/19 MP: 2/2
   105 | D:1      | 105 ||| Stepping ~*~*~tactically~*~*~ (stealth).
   108 | D:1      | 108 ||| Stepping ~*~*~tactically~*~*~ (stealth).
   110 | D:1      | 110 ||| Stepping ~*~*~tactically~*~*~ (stealth).
   226 | D:1      | Reached skill level 3 in Axes
   350 | D:1      | Reached XP level 3. HP: 22/23 MP: 3/3
   486 | D:1      | Found Xokhleo's Magic Scroll Emporium.
   495 | D:1      | 495 ||| SHOPLISTING 3 scrolls of identify (78 gold, have
                  | 27).
   495 | D:1      | 495 ||| BUYING scroll of identify (26 gold).
   495 | D:1      | Bought a scroll of identify for 26 gold pieces
   495 | D:1      | 495 ||| SHOPLISTING scroll of identify (26 gold, have 1).
   501 | D:1      | 501 ||| Stepping ~*~*~tactically~*~*~ (hiding).
   505 | D:1      | 505 ||| Stepping ~*~*~tactically~*~*~ (hiding).
   506 | D:1      | 506 ||| Stepping ~*~*~tactically~*~*~ (hiding).
   508 | D:1      | 508 ||| Stepping ~*~*~tactically~*~*~ (hiding).
  1047 | D:1      | 1047 ||| READING 2 scrolls labelled QITHRU BUMAKH.
  1048 | D:1      | 1048 ||| READING scroll of enchant weapon.
  1048 | D:1      | 1048 ||| ENCHANTING +1 war axe.
  1049 | D:1      | 1049 ||| DRINKING 3 fizzy purple potions.
  1050 | D:1      | 1050 ||| READING 2 scrolls of identify.
  1050 | D:1      | 1050 ||| IDENTIFYING coppery potion
  1051 | D:1      | 1051 ||| DROPPING 2 potions of brilliance.
  1077 | D:2      | Found Gegaqar's Assorted Antiques.
  1077 | D:2      | Found Wear Uge's Distillery.
  1096 | D:2      | 1096 ||| SHOPLISTING 2 scrolls labelled JAKUSU OXALE (46
                  | gold, have 14).
  1096 | D:2      | 1096 ||| SHOPLISTING lumpy green potion (20 gold, have 14).
  1096 | D:2      | 1096 ||| SHOPLISTING scroll labelled ORYASE XUGUMEQ (23
                  | gold, have 14).
  1096 | D:2      | 1096 ||| SHOPLISTING sedimented dark potion (20 gold, have
                  | 14).
  1102 | D:2      | 1102 ||| SHOPLISTING potion of curing (36 gold, have 14).
  1102 | D:2      | 1102 ||| SHOPLISTING potion of heal wounds (60 gold, have
                  | 14).
  1102 | D:2      | 1102 ||| SHOPLISTING potion of lignification (36 gold, have
                  | 14).
  1102 | D:2      | 1102 ||| SHOPLISTING potion of mutation (96 gold, have 14).
  1148 | D:2      | 1148 ||| Stepping ~*~*~tactically~*~*~ (stealth).
  1217 | D:2      | Noticed Terence
  1228 | D:2      | Killed Terence
  1229 | D:2      | Reached skill level 4 in Axes
  1229 | D:2      | Reached XP level 4. HP: 26/28 MP: 4/4
  1331 | D:2      | You fall into a shaft and drop 2 floors!
  1332 | D:4      | 1332 ||| UPGRADING to +0 plate armour.
  1342 | D:4      | 1342 ||| DROPPING +0 scale mail.
  1343 | D:4      | 1343 ||| UPGRADING to +0 pair of boots.
  1348 | D:4      | 1348 ||| READING scroll labelled UXOYGG ZIDOOROIR.
  1349 | D:4      | 1349 ||| READING scroll labelled CAKILUOHAI.
  1350 | D:4      | 1350 ||| READING scroll labelled RULAMIMUAGH.
  1353 | D:4      | Noticed a phantom
  1361 | D:4      | Killed a phantom
  1362 | D:4      | Reached skill level 5 in Axes
  1362 | D:4      | Reached XP level 5. HP: 32/32 MP: 5/5
  1374 | D:4      | Found Tialarph's Magic Scroll Shop.
  1378 | D:4      | 1378 ||| SHOPLISTING scroll of enchant armour (97 gold,
                  | have 51).
  1378 | D:4      | 1378 ||| BUYING scroll of identify (26 gold).
  1378 | D:4      | Bought a scroll of identify for 26 gold pieces
  1378 | D:4      | 1378 ||| SHOPLISTING scroll of identify (26 gold, have 25).
  1378 | D:4      | 1378 ||| SHOPLISTING scroll of teleportation (39 gold, have
                  | 25).
  1381 | D:4      | 1381 ||| READING scroll labelled ETTIWU SUFAI.
  1434 | D:4      | HP: 7/32 [frozen (3)]
  1435 | D:4      | HP: 3/32 [gnoll/+0 halberd (2)]
  1435 | D:4      | Slain by a gnoll

Levels and vault maps discovered:
D:1:      eino_arrival_water_cross, layout_basic, serial_bayou,
          serial_bayou_shore_a, serial_bayou_pond_c, serial_bayou_pond_c,
          serial_bayou_lake_a, serial_shops, shop, minmay_misc_feat_pillars
D:2:      layout_basic, serial_shops, nicolae_shop_tiny_real_fake_doors,
          nicolae_shop_statue_plus, shop,
          hellmonk_ecumenical_altar_heavens_door, uniq_terence
D:4:      layout_basic, kennysheep_slug_shrine, serial_shops, shop,
          skrybe_limestone_x, uniq_edmund

Skill      XL: |  1  2  3  4 |
---------------+-------------+-----
Axes           | 2 3 4 5 |  5.1
Fighting       | |  3.4
Armour         | |  3.2
Shields        | |  3.2

Action                     |  1- 3 |  4- 6 || total
---------------------------+-------+-------++-------
  Melee: War axe           |   107 |    24 ||   131
    Use: Scroll            |     3 |     4 ||     7
         Potion            |     1 |       ||     1
 Armour: Scale mail        |    61 |     7 ||    68
         Plate armour      |       |    15 ||    15
  Dodge: Dodged            |    50 |    16 ||    66
  Block: Buckler           |    25 |     3 ||    28

Table legend:
 A = Non-vault XP
 B = Vault XP
 C = Vault XP percentage of total XP
 D = Non-vault monster count
 E = Vault monster count
 F = Vault count percentage of total count
                 A         B        C        D         E       F
            +---------+---------+-------+---------+---------+-------
      Total |     268 |      36 |  11.8 |      45 |       1 |   2.2
            +---------+---------+-------+---------+---------+-------
        D:1 |      45 |       0 |   0.0 |      28 |       0 |   0.0
        D:2 |      54 |      36 |  40.0 |      12 |       1 |   7.7
        D:4 |     169 |       0 |   0.0 |       5 |       0 |   0.0
            +---------+---------+-------+---------+---------+-------
